 Dungeon Crawl Stone Soup version 0.21-a0-95-g06f091e (webtiles) character file.

368 grindst0ne the Ducker (level 6, -2/43 HPs)
             Began as a Merfolk Transmuter on July 4, 2017.
             Was an Initiate of Okawaru.
             Slain by a gnoll sergeant
             ... wielding a +0 trident
              (14 damage)
             ... on level 5 of the Dungeon.
             The game lasted 00:09:06 (4127 turns).

grindst0ne the Ducker (Merfolk Transmuter)          Turns: 4127, Time: 00:09:07

Health: -2/43      AC:  2    Str: 13    XL:     6   Next: 69%
Magic:  8/9        EV: 15    Int: 12    God:    Okawaru [......]
Gold:   123        SH:  0    Dex: 14    Spells: 3/9 levels left

rFire    . . .     SeeInvis .     - Unarmed
rCold    . . .     Gourm    .   (no shield)
rNeg     . . .     Faith    .   b - +0 robe
rPois    +         Spirit   .   (no helmet)
rElec    .         Reflect  .   (no cloak)
rCorr    .         Harm     .   (no gloves)
MR       .....                  (no boots)
Stlth    ..........             (no amulet)
HPRegen  0.14/turn              k - ring of loudness (curse)
MPRegen  0.11/turn              e - ring of poison resistance

@: hasted, very quick
A: change form in water, swift swim, stealthy swim
a: Renounce Religion


You were on level 5 of the Dungeon.
You worshipped Okawaru.
Okawaru was noncommittal.
You were not hungry.

You visited 2 branches of the dungeon, and saw 6 of its levels.

You collected 123 gold pieces.

Inventory:

Missiles
 a - 26 arrows
Armour
 b - a +0 robe (worn)
Jewellery
 e - a ring of poison resistance (right hand)
 k - a cursed ring of loudness (left hand)
Scrolls
 f - 4 scrolls of noise
 g - 2 scrolls of amnesia
 n - 2 scrolls of fog {unknown}
 p - a scroll of magic mapping
 q - a scroll of remove curse {unknown}
 t - a scroll of blinking {unknown}
Potions
 h - 2 potions of agility
 j - 5 potions of curing
 l - a potion of magic
 r - a potion of haste
Books
 c - a book of Changes

   Spells                             Type                      Level
   a - Beastly Appendage              Transmutation                1
   b - Sticks to Snakes               Transmutation                2
   c - Spider Form                    Transmutation/Poison         3
   d - Ice Form                       Ice/Transmutation            4
   e - Blade Hands                    Transmutation                5
Comestibles
 d - a bread ration
 i - a royal jelly
 o - 3 chunks of flesh
 s - a meat ration


   Skills:
 - Level 1.1 Fighting
 + Level 5.9 Dodging
 + Level 5.1 Unarmed Combat
 - Level 2.0 Spellcasting
 + Level 5.6 Transmutations


You had 3 spell levels left.
You knew the following spells:

 Your Spells              Type           Power        Failure   Level  Hunger
a - Beastly Appendage     Tmut           ##....       2%          1    ##.....
b - Spider Form           Tmut/Pois      #.........   26%         3    ####...
c - Sticks to Snakes      Tmut           ##......     4%          2    ###....


Dungeon Overview and Level Annotations

Branches:
Dungeon (6/15)             Temple (1/1) D:6

Altars:
Ashenzari
Cheibriados
Dithmenos
Elyvilon
Fedhas
Hepliaklqana
Kikubaaqudgha
Makhleb
Nemelex Xobeh
Okawaru
Qazlal
Sif Muna
Trog
Uskayaw
Vehumet
Wu Jian
Xom
Yredelemnul
Zin
The Shining One

Shops:
D:6 (


Message History

You barely miss the crimson imp.
The crimson imp is severely wounded.
You kill the crimson imp!
Okawaru accepts your kill.
The gnoll sergeant hits you from afar with a trident.
Your transformation has ended.
Your +0 robe unmelds from your body.
The gnoll sergeant hits you from afar with a trident!
* * * LOW HITPOINT WARNING * * *
Found 13 gold pieces.
You see here 13 gold pieces.
An ogre comes into view. It is wielding a giant club.
The ogre shouts!
As you read the scroll labeled UJYLON JIDIDO, it crumbles to dust.
It is a scroll of recharging.
You aren't carrying any rechargeable items.
The gnoll sergeant closely misses you.
It was a potion of haste.
You feel yourself speed up.
The gnoll sergeant hits you from afar with a trident!
You die...

#.#######
....O...#
#@# #.#
#g#####
#g....#
#####g#
#$# #g#
... ...
#.# ..
#.# #g#


You could see an ogre, a gnoll sergeant and a gnoll.

Vanquished Creatures
  An orc warrior (D:6)
  2 crimson imps
  An orc wizard (D:6)
  A worker ant (D:6)
  2 adders (D:2)
  8 gnolls
  2 dart slugs
  2 leopard geckos
  5 orcs
  4 giant cockroaches
  10 goblins
  7 hobgoblins
  4 ball pythons
  6 bats
  7 frilled lizards
  10 kobolds
  7 rats
  A plant (D:6)
80 creatures vanquished.

Vanquished Creatures (collateral kills)
  An orc (D:6)
1 creature vanquished.

Grand Total: 81 creatures vanquished

Notes
Turn   | Place    | Note
-------+----------+-------------------------------------------
     0 | D:1      | grindst0ne the Merfolk Transmuter began the quest for the Orb.
     0 | D:1      | Reached XP level 1. HP: 15/15 MP: 3/3
   197 | D:1      | Reached XP level 2. HP: 19/21 MP: 3/5
  1185 | D:2      | Reached XP level 3. HP: 20/26 MP: 4/6
  1196 | D:2      | Learned a level 3 spell: Spider Form
  1199 | D:2      | Learned a level 2 spell: Sticks to Snakes
  1378 | D:2      | Found a shimmering altar of Xom.
  2104 | D:2      | Reached XP level 4. HP: 30/32 MP: 3/7
  2863 | D:3      | Reached XP level 5. HP: 27/37 MP: 3/8
  2936 | D:3      | You fall through a shaft for 3 floors!
  2936 | D:6      | Noticed an orc warrior
  2958 | D:6      | Found a hazy altar of Hepliaklqana.
  2958 | D:6      | Found a snail-covered altar of Cheibriados.
  2958 | D:6      | Found a stormy altar of Qazlal.
  2976 | D:6      | Found Yfus's Weapon Shop.
  3070 | D:6      | Reached skill level 5 in Dodging
  3123 | D:6      | Found a staircase to the Ecumenical Temple.
  3129 | Temple   | Entered the Ecumenical Temple
  3287 | Temple   | Became a worshipper of Warmaster Okawaru
  3329 | D:6      | Killed an orc warrior
  3329 | D:6      | Reached skill level 5 in Transmutations
  3329 | D:6      | Reached XP level 6. HP: 4/43 MP: 3/9
  4040 | D:6      | Reached skill level 5 in Unarmed Combat
  4083 | D:5      | Entered Level 5 of the Dungeon
  4127 | D:5      | Slain by a gnoll sergeant

Vault maps used:
D:1:      mrwooster_arrival_statue_2
D:2:      wad_river_or_something, lemuel_doored_altar
D:3:      nicolae_ru_the_path_less_chosen, minmay_misc_feat_plants,
          yredelemnul_altar_generic
D:5:      first_bread, serial_shops, shop
D:6:      minmay_goblin_kobold_castle, gammafunk_temple_overflow_forgotten,
          minmay_temple_entry_butterflies, serial_shops, shop_statue,
          hangedman_abyss_or_decor_lesser_grid, uniq_crazy_yiuf_cottage,
          uniq_menkaure
Temple:   nicolae_temple_elliptical

Skill      XL: |  1  2  3  4  5  6 |
---------------+-------------------+-----
Dodging        | 3 4 5 |  5.9
Transmutations | 3 4 5 |  5.6
Unarmed Combat | 4 5 |  5.1
Fighting       | |  1.1
Spellcasting   | |  2.0

Action                   |  1- 3 |  4- 6 || total
-------------------------+-------+-------++-------
Melee: Unarmed           |   124 |    95 ||   219
       Headbutt          |     6 |       ||     6
       Punch             |     2 |     1 ||     3
 Cast: Beastly Appendage |    20 |       ||    20
       Spider Form       |    10 |    16 ||    26
       Sticks to Snakes  |       |     8 ||     8
  Use: Scroll            |     5 |     2 ||     7
       Potion            |       |     1 ||     1
  Eat: Chunk             |     6 |     6 ||    12
       Bread ration      |       |     1 ||     1
Armor: Robe              |    27 |     3 ||    30
       Skin              |     1 |     1 ||     2
Dodge: Dodged            |    94 |   135 ||   229
